 Dungeon Sprint DCSS version 0.27-a0-1278-g6cbc8dfb29 (webtiles) character file.

Game seed: 16873256318753670606

1136 mhtbhm the Basher (level 8, -5/86 HPs)
             Began as a Naga Berserker on June 12, 2021.
             Was a High Priest of Trog.
             Slain by a purple ugly thing (7 damage)
             ... in the Dungeon (Sprint IX: "|||||||||||||||||||||||||||||").
             The game lasted 00:01:19 (770 turns).

mhtbhm the Basher (Naga Berserker)                   Turns: 770, Time: 00:01:20

Health: -5/86      AC:  9    Str: 24    XL:     8   Next: 36%
Magic:  8/8        EV:  9    Int: 11    God:    Trog [*****.]
Gold:   0          SH:  0    Dex: 11    Spells: 7/7 levels left

rFire    . . .     SeeInvis +   a - +2 dire flail (protect)
rCold    . . .     Faith    .   (shield currently unavailable)
rNeg     . . .     Spirit   .   b - +1 scale mail
rPois    +         Reflect  .   (no helmet)
rElec    .         Harm     .   (no cloak)
rCorr    .         Rampage  .   k - +0 pair of gloves
Will     +....     NoTele   +   (no barding)
Stlth    ..........             (no amulet)
HPRegen  0.24/turn              l - +3 ring of intelligence
MPRegen  0.11/turn              m - +3 ring of strength

@: on berserk cooldown, slowed, very slow
A: AC +2, large, see invisible, deformed body, poison resistance, slowness 2,
spit poison 1, naga tail 1
a: Spit Poison, Renounce Religion, Berserk, Trog's Hand, Brothers in Arms


You were in the Dungeon.
You worshipped Trog.
Trog was extremely pleased with you.
You visited 1 branch

Inventory:

Hand Weapons
 a - a +2 dire flail of protection (weapon)
Armour
 b - a +1 scale mail (worn)
 k - a +0 pair of gloves (worn)
Jewellery
 l - a +3 ring of intelligence (left hand)
 m - a +3 ring of strength (right hand)
Wands
 j - a wand of iceblast (10)
Scrolls
 h - 2 scrolls of blinking
Potions
 c - 4 potions of curing
 d - 2 potions of heal wounds
 e - a potion of haste
 f - 4 potions of magic
 g - a potion of berserk rage
 i - a potion of invisibility


   Skills:
 + Level 9.9 Fighting
 + Level 13.1 Maces & Flails
 + Level 4.4 Armour
 + Level 5.3 Dodging


You had 7 spell levels left.
You didn't know any spells.
Your spell library was empty.

Dungeon Overview and Level Annotations

Branches:
Dungeon (1/1)

Altars:
Cheibriados
Dithmenos
Elyvilon
Fedhas
Gozag
Hepliaklqana
Kikubaaqudgha
Makhleb
Nemelex Xobeh
Okawaru
Qazlal
Ru
Sif Muna
Trog
Uskayaw
Vehumet
Wu Jian
Xom
Yredelemnul
Zin
The Shining One
Beogh
Jiyva
Lugonu


Innate Abilities, Weirdness & Mutations

Your serpentine skin is tough. (AC +2)
You have supernaturally acute eyesight. (SInv)
Armour fits poorly on your strangely shaped body.
Your system is resistant to poisons. (rPois)
You cover ground very slowly.
You can spit poison.
You have a snake-like lower body.


Message History

The purple ugly thing is lightly wounded.
The purple ugly thing trunk-slaps you! x2
Unknown command.
Unknown command.
Unknown command.
You close the door, pushing everything out of the way.
The purple ugly thing trunk-slaps you.
Okay, then.
Okay, then.
You feel better. The purple ugly thing trunk-slaps you.
The purple ugly thing trunk-slaps you!
Unknown command.
You closely miss the purple ugly thing.
The purple ugly thing is lightly wounded.
The purple ugly thing trunk-slaps you.
Unknown command.
You hit the purple ugly thing.
Your weapon exudes an aura of protection.
The purple ugly thing is lightly wounded.
You have got your breath back.
The purple ugly thing trunk-slaps you!
You bludgeon the purple ugly thing!!
The purple ugly thing is moderately wounded.
The purple ugly thing trunk-slaps you.
Unknown command.
You feel much better.
The purple ugly thing looks more healthy.
The purple ugly thing completely misses you.
Unknown command.
The purple ugly thing trunk-slaps you. The purple ugly thing trunk-slaps you!
Unknown command.
As you open the door, it creaks loudly! The purple ugly thing trunk-slaps you.
Unknown command.
You fail to use your ability.
The purple ugly thing trunk-slaps you!
* * * LOW HITPOINT WARNING * * *
The boulder beetle bites you!!
* * * LOW HITPOINT WARNING * * *
The purple ugly thing trunk-slaps you!
You die...

▓'▓
▓)▓
▓.▓
▓.▓
▓.▓
▓.▓
▓)▓
▓B▓
▓@▓
▓u▓
▓C▓
▓.▓
▓.▓
▓.▓
▓+▓


You could see a boulder beetle, a purple ugly thing and a cyclops.

Vanquished Creatures
  An unseen horror (D)
  A komodo dragon (D)
  A troll (D)
  A hornet (D)
  A centaur (D)
  A jelly (D)
  3 orc wizards (D)
  An adder (D)
  An ufetubus (D)
  An adder zombie (D)
  A worm (D)
  A bat zombie (D)
  A hobgoblin (D)
  A kobold (D)
  A ball python (D)
  A bat (D)
  A frilled lizard (D)
19 creatures vanquished.

Notes
Turn   | Place    | Note
-------+----------+-------------------------------------------
     0 | D        | mhtbhm the Naga Berserker began the quest for the Orb.
     0 | D        | Reached XP level 1. HP: 21/21 MP: 1/1
    10 | D        | Reached ** piety under Trog
   155 | D        | Noticed a jelly
   155 | D        | Noticed an orc wizard
   159 | D        | Reached skill level 4 in Maces & Flails
   159 | D        | Reached XP level 2. HP: 30/30 MP: 2/2
   165 | D        | Reached *** piety under Trog
   229 | D        | Reached skill level 5 in Fighting
   229 | D        | Reached skill level 5 in Maces & Flails
   229 | D        | Reached XP level 3. HP: 32/39 MP: 3/3
   230 | D        | Reached **** piety under Trog
   231 | D        | Reached skill level 6 in Maces & Flails
   231 | D        | Reached XP level 4. HP: 38/46 MP: 4/4
   359 | D        | Found a snail-covered altar of Cheibriados.
   359 | D        | Found a shadowy altar of Dithmenos.
   359 | D        | Found a white marble altar of Elyvilon.
   359 | D        | Found a blossoming altar of Fedhas.
   359 | D        | Found an opulent altar of Gozag.
   360 | D        | Found a hazy altar of Hepliaklqana.
   361 | D        | Found a viscous altar of Jiyva.
   362 | D        | Found an ancient bone altar of Kikubaaqudgha.
   363 | D        | Found a corrupted altar of Lugonu.
   364 | D        | Found a burning altar of Makhleb.
   365 | D        | Found a sparkling altar of Nemelex Xobeh.
   366 | D        | Found an iron altar of Okawaru.
   367 | D        | Found a stormy altar of Qazlal.
   368 | D        | Found a sacrificial altar of Ru.
   369 | D        | Found a shimmering blue altar of Sif Muna.
   370 | D        | Found a bloodstained altar of Trog.
   371 | D        | Found a hide-covered altar of Uskayaw.
   372 | D        | Found a radiant altar of Vehumet.
   373 | D        | Found an ornate altar of the Wu Jian Council.
   374 | D        | Found a shimmering altar of Xom.
   375 | D        | Found a basalt altar of Yredelemnul.
   376 | D        | Found a glowing silver altar of Zin.
   377 | D        | Found a glowing golden altar of the Shining One.
   426 | D        | Noticed a troll
   426 | D        | Noticed a hornet
   426 | D        | Noticed a centaur
   430 | D        | Killed a troll
   431 | D        | Reached skill level 9 in Maces & Flails
   431 | D        | Reached XP level 5. HP: 57/57 MP: 5/5
   431 | D        | Reached XP level 6. HP: 66/66 MP: 6/6
   511 | D        | Killed a hornet
   512 | D        | Reached skill level 11 in Maces & Flails
   512 | D        | Reached XP level 7. HP: 75/75 MP: 7/7
   513 | D        | Reached ***** piety under Trog
   735 | D        | Noticed a komodo dragon
   735 | D        | Noticed a boulder beetle
   735 | D        | Noticed an unseen horror
   735 | D        | Noticed a purple ugly thing
   735 | D        | Noticed a cyclops
   746 | D        | Killed a komodo dragon
   747 | D        | Reached skill level 12 in Maces & Flails
   747 | D        | Reached skill level 5 in Dodging
   747 | D        | Reached XP level 8. HP: 85/85 MP: 8/8
   752 | D        | Received a gift from Trog
   758 | D        | Killed an unseen horror
   759 | D        | Reached skill level 13 in Maces & Flails
   770 | D        | HP: 2/86 [boulder beetle (20)]
   770 | D        | Slain by a purple ugly thing

Illustrated notes

Levels and vault maps discovered:
D:        linesprint [early_d, line_temple, items_1, d_10, items_2, lair_1,
          lair_end, items_3, orc_1, orc_end, items_4, d_15, swamp_1, shoals_1,
          snake_1, spider_1, d_20, vaults_1, items_5, swamp_end, shoals_end,
          snake_end, spider_end, vaults_end, d_27, items_6, zot_1, zot_end,
          crypt_end, forest_end, elf_end, slime_end, tomb_end, abyss_end,
          pan_hell_end]

Skill      XL: |  1  2  3  4  5  6  7  8 |
---------------+-------------------------+-----
Maces & Flails | 4 5 6 9 11 12 13 | 13.1
Fighting       | 5 7 8 9 |  9.9
Armour         | 2 3 4 |  4.4
Dodging        | 2 3 4 5 |  5.3

Action                   |  1- 3 |  4- 6 |  7- 9 || total
-------------------------+-------+-------+-------++-------
Melee: Mace              |    29 |       |       ||    29
       Dire flail        |       |     6 |    30 ||    36
Invok: Berserk           |     3 |     2 |     1 ||     6
       Brothers in Arms  |       |       |     1 ||     1
 Abil: Spit Poison       |       |     1 |     2 ||     3
  Use: Potion            |       |       |     2 ||     2
Armor: Animal skin       |     1 |       |       ||     1
       Scale mail        |       |     5 |     9 ||    14
Dodge: Dodged            |    18 |     6 |     6 ||    30

Table legend: (Time is in decaauts)
 A = Elapsed time spent in this place.
 B = Non-inter-level travel time spent in this place.
 C = Inter-level travel time spent in this place.
 D = Time resting spent in this place.
 E = Time spent auto-exploring this place.
 F = Levels seen in this place.
 G = Mean time per level.
                   A        B        C        D        E       F      G
               +--------+--------+--------+--------+--------+-----+--------+
         Total |    831 |    831 |      0 |    641 |      0 |   1 |  831.0 |
       Dungeon |    831 |    831 |      0 |    641 |      0 |   1 |  831.0 |
               +--------+--------+--------+--------+--------+-----+--------+

Top non-repeatable levels by time:
       D: 831 daAuts
